 Dungeon Crawl Stone Soup version 0.20.1-1-g8b1a95d66d (webtiles) character file.

147 NixNut the Ruffian (level 5, 0/38 HPs)
             Began as a Minotaur Wanderer on Dec 28, 2017.
             Was an Initiate of the Shining One.
             Slain by a gnoll
             ... wielding a +0 spear
              (5 damage)
             ... on level 3 of the Dungeon.
             The game lasted 00:07:49 (2257 turns).

NixNut the Ruffian (Minotaur Wanderer)              Turns: 2257, Time: 00:07:49

Health: 0/38       AC:  9    Str: 17    XL:     5   Next: 8%
Magic:  4/4        EV: 10    Int:  7    God:    the Shining One [......]
Gold:   50         SH:  0    Dex: 12    Spells: 4/4 levels left

rFire    . . .     SeeInvis .     - Unarmed
rCold    . . .     Gourm    .   (no shield)
rNeg     . . .     Faith    .   a - +2 scale mail
rPois    .         Spirit   .   (helmet restricted)
rElec    .         Reflect  .   e - scarf {cloud immunity}
rCorr    .         Harm     .   (no gloves)
MR       .....                  (no boots)
Stlth    ..........             (no amulet)
Regen    0.2/turn               (no ring)
MPRegen  0.1/turn               (no ring)

@: glowing
A: retaliatory headbutt, horns 2
a: Renounce Religion


You were on level 3 of the Dungeon.
You worshipped the Shining One.
The Shining One was noncommittal.
You were not hungry.

You visited 1 branch of the dungeon, and saw 3 of its levels.

You collected 50 gold pieces.

Inventory:

Armour
 a - a +2 scale mail (worn)
 e - a scarf of cloud immunity (worn)
Scrolls
 b - a scroll of teleportation
 f - a scroll of blinking {unknown}
 g - 2 scrolls of remove curse {unknown}
 h - a scroll of noise {unknown}
 i - 2 scrolls of identify {unknown}
 j - a scroll of enchant weapon {unknown}
Potions
 c - a potion of lignification
 d - a potion of ambrosia {unknown}
 k - a potion of agility {unknown}
 m - 2 potions of mutation {unknown}
Comestibles
 l - 2 royal jellies
 n - a bread ration


   Skills:
 - Level 1.0 Throwing
 + Level 4.9 Armour
 - Level 1.1 Dodging
 - Level 1.0 Stealth
 * Level 5.5 Unarmed Combat
   Level 1.0 Evocations


You had 4 spell levels left.
You didn't know any spells.

Dungeon Overview and Level Annotations

Branches:
Dungeon (3/15)

Altars:
The Shining One


Innate Abilities, Weirdness & Mutations

You reflexively headbutt those who attack you in melee.
You have a pair of horns on your head.


Message History

The gnoll hits you but does no damage. The gnoll barely misses you.
You hit the gnoll.
You kill the gnoll!
The gnoll hits you from afar with a spear.
* * * LOW HITPOINT WARNING * * *
The gnoll hits you with a spear.
* * * LOW HITPOINT WARNING * * *
Things that are here:
a club; a gnoll corpse You hit the gnoll.
The gnoll is moderately wounded.
The gnoll barely misses you.
Your scale mail prevents you from hitting the gnoll.
Your punch misses the gnoll.
The gnoll is moderately wounded.
The gnoll barely misses you.
You barely miss the gnoll. You headbutt the gnoll.
The gnoll is moderately wounded.
The gnoll hits you with a spear.
You die...

#. #.# .# #. #.#
.. #. #.# .# #.
#.# .. #. #.# .###
##.###.###.# ...
...........#####.#
#...†.og@...#
###########.# .#
##


You could see a gnoll and an orc.

Vanquished Creatures
  6 gnolls
  4 adders (D:2)
  A worm (D:2)
  A dart slug (D:1)
  A leopard gecko (D:1)
  2 giant cockroaches
  7 goblins
  2 hobgoblins (D:2)
  4 jackals (D:1)
  5 kobolds
  7 bats
  4 frilled lizards
  7 rats
51 creatures vanquished.

Notes
Turn   | Place    | Note
-------+----------+-------------------------------------------
     0 | D:1      | NixNut the Minotaur Wanderer began the quest for the Orb.
     0 | D:1      | NixNut set off with: a +2 scale mail, a scroll of teleportation, a potion of lignification, a +0 club, a bread ration
     0 | D:1      | Reached XP level 1. HP: 14/14 MP: 0/0
   525 | D:1      | Reached XP level 2. HP: 20/20 MP: 1/1
   785 | D:1      | Reached skill level 4 in Unarmed Combat
  1116 | D:2      | Reached XP level 3. HP: 13/26 MP: 2/2
  1312 | D:2      | Reached XP level 4. HP: 13/33 MP: 3/3
  1517 | D:2      | Found a glowing golden altar of the Shining One.
  1738 | D:2      | Reached skill level 5 in Unarmed Combat
  2199 | D:2      | Became a worshipper of the Shining One
  2244 | D:3      | Reached XP level 5. HP: 16/38 MP: 4/4
  2257 | D:3      | Slain by a gnoll

Skill      XL: |  1  2  3  4 |
---------------+-------------+-----
Armour         | 4 |  4.9
Unarmed Combat | 4 5 |  5.5
Throwing       | |  1.0
Dodging        | |  1.1
Stealth        | |  1.0
Evocations     | |  1.0

Action                   |  1- 3 |  4- 6 || total
-------------------------+-------+-------++-------
Melee: Unarmed           |    78 |    78 ||   156
       Headbutt          |    10 |    10 ||    20
       Punch             |       |     1 ||     1
  Eat: Bread ration      |     1 |       ||     1
Armor: Scale mail        |    35 |    35 ||    70
Dodge: Dodged            |    32 |    48 ||    80
